 Dungeon Crawl Stone Soup version 0.26.1-2-gb8aa6d0cf2 (webtiles) character file.

Game seed: 15417272657521052788

11044 Qrupt the Covert (level 11, -16/78 HPs)
             Began as an Octopode Brigand on Mar 7, 2021.
             Was a Believer of Nemelex Xobeh.
             Demolished by a two-headed ogre
             ... wielding a +0 giant club
              (30 damage)
             ... on level 10 of the Dungeon.
             The game lasted 00:40:28 (14551 turns).

Qrupt the Covert (Octopode Brigand)                Turns: 14551, Time: 00:40:28

Health: -16/78     AC:  1    Str: 17    XL:     11   Next: 71%
Magic:  14/14      EV: 15    Int: 15    God:    Nemelex Xobeh [**....]
Gold:   672        SH: 16    Dex: 15    Spells: 8/10 levels left

rFire    . . .     SeeInvis .   E - +2 war axe (vamp)
rCold    . . .     Faith    .   m - +0 tower shield
rNeg     . . .     Spirit   .   (helmet restricted)
rPois    .         Reflect  .   F - amulet of magic regeneration
rElec    .         Harm     .   l - +6 ring of strength
rCorr    +         Rampage  .   v - ring of wizardry
Will     +....                  D - ring of willpower
Stlth    ++++++....             A - ring of resist corrosion
HPRegen  0.23/turn              (no ring)
MPRegen  0.39/turn              (no ring)
                                (no ring)
                                (no ring)

@: about to teleport
A: almost no armour, stealthy swim, amphibious, 8 rings, constrict 8, camouflage
1, gelatinous body 1
a: Renounce Religion, Draw Escape, Draw Destruction, Draw Summoning


You were on level 10 of the Dungeon.
You worshipped Nemelex Xobeh.
Nemelex Xobeh was pleased with you.
You visited 2 branches of the dungeon, and saw 11 of its levels.

You collected 672 gold pieces.

Inventory:

Hand Weapons
 a - a +2 dagger
 i - a +1 short sword of draining
 k - a +2 short sword of draining
 E - a +2 vampiric war axe (weapon)
Missiles
 b - 47 poisoned darts (quivered)
 B - a throwing net
Armour
 m - a +0 tower shield (worn)
Jewellery
 l - a +6 ring of strength (left tentacle)
 v - a ring of wizardry (right tentacle)
 A - a ring of resist corrosion (on tentacle)
 D - a ring of willpower (on tentacle)
 F - an amulet of magic regeneration (around mantle)
Wands
 d - a wand of polymorph (55)
 x - a wand of random effects (34)
 y - a wand of paralysis (7)
 G - a wand of flame (25)
 J - a wand of enslavement (7)
Scrolls
 g - 2 scrolls of enchant weapon
 h - 11 scrolls of remove curse
 j - 2 scrolls of teleportation
 n - a scroll of blinking {unknown}
 q - 3 scrolls of magic mapping
 r - 2 scrolls of fear {unknown}
 t - a scroll of fog
 u - 3 scrolls of enchant armour
 z - a scroll of amnesia {unknown}
 C - 2 scrolls of vulnerability {unknown}
 I - 2 scrolls of random uselessness {unknown}
Potions
 e - 6 potions of ambrosia
 f - 2 potions of attraction {unknown}
 o - 7 potions of curing
 p - 3 potions of haste {unknown}
 s - 2 potions of might {unknown}
 w - 3 potions of brilliance
 H - 3 potions of lignification {unknown}
 K - a potion of flight {unknown}
 L - a potion of magic {unknown}
 M - a potion of heal wounds {unknown}
 N - a potion of mutation {unknown}


   Skills:
 + Level 8.4 Fighting
 - Level 2.0 Short Blades
 * Level 6.8 Axes
 - Level 2.0 Throwing
 + Level 8.3 Dodging
 + Level 12.4 Stealth
 + Level 7.8 Shields
 + Level 5.1 Invocations


You had 8 spell levels left.
You knew the following spells:

 Your Spells              Type           Power        Failure   Level
a - Swiftness             Air            0%           80%         2

Your spell library contained the following spells:

 Spells                   Type           Power        Failure   Level
 Beastly Appendage        Tmut           0%           65%         1
 Magic Dart               Conj           0%           65%         1
 Shock                    Conj/Air       0%           65%         1
 Searing Ray              Conj           0%           80%         2
 Wereblood                Tmut           0%           80%         2
 Dazzling Flash           Conj/Hex       0%           95%         3
 Spider Form              Tmut/Pois      0%           95%         3
 Static Discharge         Conj/Air       0%           95%         3
 Airstrike                Air            0%           100%        4
 Fulminant Prism          Conj/Hex       0%           100%        4
 Ice Form                 Ice/Tmut       0%           100%        4
 Iskenderun's Mystic Bla  Conj/Tloc      0%           100%        4
 Blade Hands              Tmut           0%           100%        5
 Lightning Bolt           Conj/Air       0%           100%        5


Dungeon Overview and Level Annotations

Branches:
Dungeon (10/15)            Temple (1/1) D:7            Lair (0/6) D:10
    Orc (0/2) D:10

Altars:
Ashenzari
Cheibriados
Dithmenos
Elyvilon
Fedhas
Gozag
Hepliaklqana
Kikubaaqudgha
Makhleb
Nemelex Xobeh
Okawaru
Qazlal
Ru
Sif Muna
Trog
Uskayaw
Vehumet
Wu Jian
Xom
Yredelemnul
Zin
The Shining One
Beogh

Annotations:
D:9 exclusion: downstairs


Innate Abilities, Weirdness & Mutations

You cannot wear most types of armour.
You are very stealthy in the water. (Stealth+)
You are amphibious.
You can wear up to eight rings at the same time.
You can use your tentacles to constrict eight enemies at once.
Your skin changes colour to match your surroundings (Stealth+).
Your rubbery body absorbs attacks. (AC +1, EV +1)


Message History

Aim: a two-headed ogre, wielding two +0 giant clubs (heavily wounded, very poisoned, will become a swamp worm, a glowing shapeshifter, or a torpor snail, chance to affect: 28%)
Okay, then.
Unknown command.
Aiming: Enslavement
Press: ? - help, Shift-Dir - straight line, f/p - two-headed ogre
Aim: a two-headed ogre, wielding two +0 giant clubs (heavily wounded, very poisoned, chance to affect: 28%)
Okay, then.
Okay, then.
Aiming: Paralyse
Press: ? - help, Shift-Dir - straight line, f/p - two-headed ogre
Aim: a two-headed ogre, wielding two +0 giant clubs (heavily wounded, very poisoned, chance to affect: 28%)
The two-headed ogre easily resists.
The two-headed ogre hits you with a +0 giant club!
* * * LOW HITPOINT WARNING * * *
You block the two-headed ogre's attack.
As you read the scroll of teleportation, it crumbles to dust.
You feel strangely unstable. The two-headed ogre barely misses you.
The two-headed ogre hits you with a +0 giant club!!
You die...
Your body glows slightly and disappears.

..........# #..##......#
..........# #..##......#
..........# #..##......#
..........# #..##......#
..(.......#
#..##......##### .#
..((.($...#
#..##........... .#.
..(...((.(#
#..##..####++###
..............####..##..#
....?.........lO@.......#
#######################.#
#.+ #.+ #.# #.# #.# #.#


You could see a two-headed ogre (very poisoned) and a komodo dragon.

Vanquished Creatures
  Harold (D:7)
  2 two-headed ogres
  An unseen horror (D:10)
  A deep elf mage (D:6)
  Joseph (D:7)
  Maggie (D:7)
  A gargoyle (D:10)
  A queen bee (D:10)
  2 trolls
  A hornet (D:8)
  Sigmund (D:3)
  6 yaks
  3 wargs (D:10)
  A soldier ant (D:10)
  A water moccasin (D:9)
  Duvessa (D:7)
  2 sky beasts
  5 orc warriors
  A black bear (D:7)
  An ice beast (D:10)
  3 ogres
  4 centaurs
  6 bullfrogs
  Dowan (D:7)
  3 scorpions
  23 killer bees
  5 wights (D:8)
  4 howler monkeys
  4 hounds
  A quasit (D:9)
  2 bullfrog skeletons
  5 orc priests
  Terence (D:2)
  2 iguanas
  8 orc wizards
  9 worker ants
  2 human simulacra (D:9)
  A howler monkey zombie (D:5)
  8 gnolls
  12 adders
  2 shadow imps
  3 white imps
  2 ufetubi
  2 oozes
  2 adder skeletons
  3 worms
  3 dart slugs
  5 leopard geckos
  56 orcs
  9 bats
  6 giant cockroaches
  9 goblins
  10 hobgoblins
  7 jackals
  13 kobolds
  3 quokkas
  2 ball pythons
  3 frilled lizards
  A jackal skeleton (D:9)
  A jackal zombie (D:8)
  A quokka skeleton (D:6)
  8 rats
289 creatures vanquished.

Vanquished Creatures (others)
  2 killer bees (D:10)
  15 plants (D:10)
17 creatures vanquished.

Grand Total: 306 creatures vanquished

Notes
Turn   | Place    | Note
-------+----------+-------------------------------------------
     0 | D:1      | Qrupt the Octopode Brigand began the quest for the Orb.
     0 | D:1      | Reached XP level 1. HP: 14/14 MP: 1/1
   174 | D:1      | Reached XP level 2. HP: 19/19 MP: 2/2
   447 | D:1      | Reached XP level 3. HP: 25/25 MP: 3/3
   790 | D:2      | Reached skill level 6 in Stealth
  1074 | D:2      | Reached XP level 4. HP: 30/30 MP: 4/4
  1376 | D:2      | You fall into a shaft and drop 1 floor!
  1476 | D:2      | Reached skill level 1 in Shields
  1494 | D:2      | Reached XP level 5. HP: 36/36 MP: 5/5
  1505 | D:2      | Noticed Terence
  1511 | D:2      | Killed Terence
  2496 | D:3      | Reached XP level 6. HP: 36/42 MP: 6/6
  2580 | D:3      | Reached skill level 7 in Stealth
  2938 | D:3      | Noticed Sigmund
  2947 | D:3      | Killed Sigmund
  3139 | D:4      | Reached XP level 7. HP: 42/48 MP: 7/7
  3847 | D:4      | Reached skill level 8 in Stealth
  4348 | D:5      | Entered Level 5 of the Dungeon
  4363 | D:4      | Reached XP level 8. HP: 52/54 MP: 8/8
  4495 | D:4      | Reached skill level 5 in Fighting
  5254 | D:5      | Reached skill level 5 in Dodging
  5254 | D:5      | Reached skill level 9 in Stealth
  5387 | D:5      | Found a glowing silver altar of Zin.
  5517 | D:5      | Found an ancient bone altar of Kikubaaqudgha.
  5643 | D:5      | Found a bloodstained altar of Trog.
  6212 | D:6      | Noticed a deep elf mage
  6215 | D:6      | Killed a deep elf mage
  6216 | D:6      | Reached skill level 10 in Stealth
  6216 | D:6      | Reached skill level 5 in Shields
  6216 | D:6      | Reached XP level 9. HP: 62/62 MP: 9/9
  6267 | D:7      | Noticed Harold
  6281 | D:7      | Killed Harold
  6419 | D:7      | Noticed a troll
  6455 | D:7      | Found a staircase to the Ecumenical Temple.
  6475 | Temple   | Entered the Ecumenical Temple
  6692 | Temple   | Became a worshipper of Nemelex Xobeh the Trickster
  6714 | D:7      | Killed a troll
  6715 | D:7      | Reached skill level 1 in Axes
  6748 | D:7      | Noticed Joseph
  6758 | D:7      | Killed Joseph
  6759 | D:7      | Reached skill level 1 in Invocations
  6759 | D:7      | Reached XP level 10. HP: 41/71 MP: 9/11
  7099 | D:7      | Noticed Maggie
  7109 | D:7      | Killed Maggie
  7110 | D:7      | Reached skill level 11 in Stealth
  7235 | D:7      | Found a snail-covered altar of Cheibriados.
  7237 | D:7      | Noticed Duvessa
  7249 | D:7      | Killed Duvessa
  7250 | D:7      | Noticed Dowan
  7375 | D:7      | Killed Dowan
  7743 | D:8      | Found a hazy altar of Hepliaklqana.
  7870 | D:8      | Found a shimmering altar of Xom.
  7872 | D:8      | Found a shimmering altar of Xom.
  7872 | D:8      | Found a shimmering altar of Xom.
  7873 | D:8      | Found a shimmering altar of Xom.
  7874 | D:8      | Found a shimmering altar of Xom.
  8224 | D:8      | Learned a level 2 spell: Swiftness
  8258 | D:8      | Reached * piety under Nemelex Xobeh
  8477 | D:8      | Noticed a two-headed ogre
  8572 | D:8      | Killed a two-headed ogre
  9205 | D:9      | Received a gift from Nemelex Xobeh
  9245 | D:9      | Found a roughly hewn altar of Beogh.
  9635 | D:8      | Reached skill level 5 in Axes
  9981 | D:9      | Noticed a two-headed ogre
  9989 | D:9      | Killed a two-headed ogre
  9990 | D:9      | Reached XP level 11. HP: 77/77 MP: 12/14
 10210 | D:9      | Reached skill level 12 in Stealth
 10726 | D:9      | Reached ** piety under Nemelex Xobeh
 10914 | D:10     | Entered Level 10 of the Dungeon
 11000 | D:10     | Found a staircase to the Orcish Mines.
 12739 | D:10     | Found a staircase to the Lair.
 13406 | D:10     | Reached skill level 5 in Invocations
 13981 | D:10     | Noticed a two-headed ogre
 14369 | D:10     | Killed an unseen horror
 14551 | D:10     | Demolished by a two-headed ogre

Illustrated notes

Levels and vault maps discovered:
D:1:      mrwooster_arrival_statue, layout_loops_ring
D:2:      layout_basic, uniq_terence
D:3:      layout_basic, uniq_sigmund
D:4:      layout_gridville
D:5:      layout_basic, general_overflow_altar, nicolae_overflow_crystal_walls,
          trog_hazing_becter
D:6:      layout_rooms, guppyfry_early_elven_hall
D:7:      layout_basic, minmay_temple_entry_junction, cheibriados_altar_2,
          uniq_maggie, uniq_harold, uniq_joseph, uniq_duvessa
D:8:      layout_basic, nzn_hepliaklqana_mist_gate, xom_redecorated
D:9:      layout_long_grid, special_room [special_room_orc], bh_circular_ruins
D:10:     layout_long_grid, david_lair_shrubbed, minmay_orc_entry_guard_dogs,
          special_room [special_room_bee], nicolae_zen_rock_garden,
          kennysheep_generic_room_5
Temple:   hc_temple_tempest_star

Skill      XL: |  1  2  3  4  5  6  7  8  9 10 11 |
---------------+----------------------------------+-----
Dodging        | 2 3 4 5 6 7 8 |  8.3
Stealth        | 6 7 8 10 11 12 | 12.4
Fighting       | 3 4 6 7 8 |  8.4
Shields        | 1 2 3 5 6 7 |  7.8
Axes           | 2 5 6 |  6.8
Invocations    | 1 4 5 |  5.1
Short Blades   | |  2.0
Throwing       | |  2.0

Action                   |  1- 3 |  4- 6 |  7- 9 | 10-12 || total
-------------------------+-------+-------+-------+-------++-------
Melee: Dagger            |    19 |       |       |       ||    19
       Short sword       |    32 |    97 |   112 |       ||   241
       Constrict         |     8 |    27 |    30 |    86 ||   151
       Tentacles         |     7 |    19 |    40 |    97 ||   163
       War axe           |       |       |    21 |   382 ||   403
Throw: Dart              |     1 |     1 |    34 |    61 ||    97
       Throwing net      |       |       |       |     5 ||     5
Invok: Draw Destruction  |       |       |       |     1 ||     1
Evoke: Wand              |       |       |     1 |    14 ||    15
  Use: Scroll            |     1 |       |     2 |    11 ||    14
       Potion            |       |       |       |     2 ||     2
 Stab: Sleeping          |    16 |     8 |    11 |    17 ||    52
       Distracted        |       |     2 |     2 |       ||     4
       Paralysed         |       |       |       |     5 ||     5
       Held in net/web   |       |       |       |     3 ||     3
Armor: Skin              |     8 |     5 |     4 |     9 ||    26
Dodge: Dodged            |    18 |    12 |    37 |   145 ||   212
Block: Tower shield      |     8 |    43 |    90 |   296 ||   437
